 Dungeon Crawl Stone Soup version 0.18-a0-1123-gbd92598 (webtiles) character file.

1929217 kak the Axe Maniac (level 27, 281/281 HPs)
             Began as a Minotaur Berserker on Jan 17, 2016.
             Was an Elder of Trog.
             Escaped with the Orb
             ... and 3 runes on Jan 19, 2016!
             The game lasted 08:43:03 (55204 turns).

kak the Axe Maniac (Minotaur Berserker)            Turns: 55204, Time: 08:43:03

Health: 281/281    AC: 42    Str: 31    XL:     27
Magic:  23/23      EV: 28    Int:  4    God:    Trog [****..]
Gold:   1422       SH:  8    Dex: 20    Spells: 0 memorised, 26 levels left

rFire  + + .     SeeInvis +     i - +8 frozen axe "Frostbite" {freezing cloud, *Noise +Fly rC+}
rCold  + + .     Gourm    .     c - +7 gold dragon armour
rNeg   . . .     Faith    .     (shield currently unavailable)
rPois  +         Spirit   .     U - +2 hat {rF+}
rElec  .         Dismiss  .     J - +1 cloak {rPois}
rCorr  +         Reflect  +     H - +0 pair of gloves
SustAt .         Harm     .     G - +2 pair of boots
MR     ++...     Clarity  +     q - brooch of Shielding {Reflect SH+8}
Stlth  ..........               n - ring "Ocuellid" {EV+4 Dex+3 SInv Stlth-}
                                w - ring "Pucaig" {rCorr Str+5}

@: very slightly contaminated, studying Maces & Flails, very resistant to
hostile enchantments, extremely unstealthy
A: retaliatory headbutt, horns 2, rugged brown scales 1, slimy green scales 1,
berserk 3, blurry vision 1, clarity, deformed body, dopey 1, low mp 3, subdued
magic 1, MP-powered wands
a: Berserk, Trog's Hand, Brothers in Arms, Burn Spellbooks, Renounce Religion,
Evoke Flight
0: Orb of Zot
}: 3/15 runes: decaying, silver, gossamer


You escaped.
You worshipped Trog.
Trog was greatly pleased with you.
You were not hungry.

You visited 9 branches of the dungeon, and saw 51 of its levels.
You visited the Abyss 1 time.
You also visited: Ice Cave and Volcano.

You collected 7205 gold pieces.
You spent 5783 gold pieces at shops.

Inventory:

Hand Weapons
 i - the +8 frozen axe "Frostbite" (weapon) {freezing cloud, *Noise +Fly rC+}
   (Trog gifted it to you on level 4 of the Vaults)

   It has been specially enchanted to freeze those struck by it, causing extra
   injury to most foes and up to half again as much damage against particularly
   susceptible opponents.
   It can also slow down cold-blooded creatures.
   It protects you from cold.
   It lets you fly.
   It may make noises in combat.
 p - the +2 trident of Wounding {pierce, +Blink Str+2 Stlth+}
   (You found it on level 14 of the Dungeon)

   It inflicts extra damage upon your enemies.
   It affects your strength (+2).
   It lets you blink.
   It makes you more stealthy.
 A - a +9 antimagic executioner's axe
 T - the +2 battleaxe of Desertification {pain, +Fly rF- rC+ rN+++}
   (You found it on level 8 of the Lair of Beasts)

   In the hands of one skilled in necromantic magic, it inflicts extra damage on
   living creatures.
   It makes you vulnerable to fire.
   It protects you from cold.
   It renders you almost immune to negative energy.
   It lets you fly.
 W - the +5 war axe of the Pure Ghosts {flame, rElec MR+ Str+4}
   (Trog gifted it to you in a volcano)

   It has been specially enchanted to burn those struck by it, causing extra
   injury to most foes and up to half again as much damage against particularly
   susceptible opponents.
   Big, fiery blades are also staple armaments of hydra-hunters.
   It affects your strength (+4).
   It insulates you from electricity.
   It affects your resistance to hostile enchantments.
Armour
 c - a +7 gold dragon armour (worn)
 G - a +2 pair of boots (worn)
 H - a +0 pair of gloves (worn)
 J - a +1 cloak of poison resistance (worn)
 U - a +2 hat of fire resistance (worn)
Rods
 Z - a +5 rod of clouds (14/14)
   (You took it off a deep elf annihilator on level 3 of the Elven Halls)
Jewellery
 a - an uncursed ring of protection from magic
 h - an uncursed amulet of the gourmand
 n - the ring "Ocuellid" (right hand) {EV+4 Dex+3 SInv Stlth-}
   (You found it on level 4 of the Depths)

   [ring of evasion]

   It affects your evasion (+4).
   It affects your dexterity (+3).
   It lets you see invisible.
   It makes you less stealthy.
 q - the brooch of Shielding (around neck) {Reflect SH+8}
   (You took it off an ironheart preserver on level 5 of the Vaults)

   [amulet of reflection]

   It shields you and reflects attacks.
   It affects your SH (+8).
 w - the ring "Pucaig" (left hand) {rCorr Str+5}
   (You took it off a deep elf high priest on level 3 of the Elven Halls)

   [ring of resist corrosion]

   It affects your strength (+5).
 D - an uncursed ring of poison resistance
 R - an uncursed ring of sustain attributes
Wands
 g - a wand of hasting (3/9)
 j - a wand of invisibility (1/9)
 k - a wand of digging (14/24)
 F - a wand of digging (19/24)
 L - a wand of heal wounds (7/9)
 M - a wand of heal wounds (6/9)
Scrolls
 d - 12 scrolls of remove curse
 e - a scroll of enchant armour
 f - 2 scrolls of magic mapping
 l - a scroll of holy word
 s - 4 scrolls of teleportation
 x - 7 scrolls of fear
 y - 3 scrolls of recharging
 O - 3 scrolls of summoning
 P - 5 scrolls of blinking
 Q - 4 scrolls of fog
 S - 10 scrolls of identify
 V - 3 scrolls of silence
Potions
 m - 3 potions of cure mutation
 o - 3 potions of heal wounds
 u - 2 potions of might
 z - 17 potions of curing
 B - 5 potions of cancellation
Books
 v - a manual of Maces & Flails
Miscellaneous
 b - a fan of gales
 t - 2 phantom mirrors
 C - a box of beasts {used: 4}
 E - a disc of storms
 I - a stone of tremors
 K - a lantern of shadows
 X - a phial of floods
Comestibles
 Y - 19 meat rations


   Skills:
 O Level 27 Fighting
 O Level 27 Axes
 - Level 2.0(18.8) Maces & Flails
 O Level 27 Armour
 * Level 23.1 Dodging
 - Level 2.0 Stealth
 - Level 15.1 Evocations


You had 26 spell levels left.
You didn't know any spells.

Dungeon Overview and Level Annotations

Branches:
Dungeon (15/15)            Temple (0/1) D:6            Lair (8/8) D:8
  Swamp (4/4) Lair:3       Spider (4/4) Lair:5        Slime (0/6) Lair:8
    Orc (2/2) D:10            Elf (3/3) Orc:2        Vaults (5/5) D:13
  Crypt (0/3) Vaults:3     Depths (5/5) D:15            Zot (5/5) Depths:5

Altars:
Ashenzari
Dithmenos
Elyvilon
Fedhas
Gozag
Kikubaaqudgha
Nemelex Xobeh
Okawaru
Pakellas
Sif Muna
Trog
Vehumet
Xom
Yredelemnul
Zin
The Shining One
Beogh

Shops:
D:7 ?   D:11 (   Orc:1 ?   Orc:2 [[*=(   Elf:3 :   Vaults:4 [?   Vaults:5 !
Depths:5 *

Portals:
Hell: Depths:1 Depths:2 Depths:3 Depths:4 Depths:5
Abyss: Depths:2 Depths:4 Depths:5
Pandemonium: Depths:2 Depths:3 Depths:4
Ziggurat: Depths:2
Trove: Depths:4 (give +3 ice dragon armour)

Annotations:
D:4 1 runed door
D:11 1 runed door
D:14 exclusion: Roxanne, Roxanne
Lair:4 exclusion: 4 oklob plants
Depths:4 exclusion: orange crystal statue


Innate Abilities, Weirdness & Mutations

You reflexively headbutt those who attack you in melee.
You have a pair of horns on your head.
You are partially covered in rugged brown scales (AC +1, +3% HP).
You are partially covered in slimy green scales (AC +2).
You have an uncontrollable temper.
Scrolls take you a little longer to read.
You possess an exceptional clarity of mind.
Armour fits poorly on your strangely shaped body.
You are dopey. (Int -2)
Your magical capacity is extremely low (-30% MP).
Your spells are a little easier to cast, but a little less powerful.
You expend magic power (3 MP) to strengthen your wands.


Message History

You kill the orc!
Trog accepts your kill.
A toenail golem and an orc priest come into view.
The orc priest shouts!
The orc priest casts a cantrip, but nothing happens.
You see here a mace.
The orc priest looks braver for a moment.
The orc priest casts a cantrip, but nothing happens.
There is a stone staircase leading up here.
You climb upwards.
There is a stone staircase leading down here.
There is a stone staircase leading up here.
You climb upwards.
There is a stone staircase leading down here.
There is an open door here.
You open the door.
There is an open door here.
There is a staircase leading out of the dungeon here.
You can't go down here!
You have escaped!

##.## #...#
##.##.# #..# #####
#.##.# ##.#####
####.##.# #.....#
#....##.#
##.##'###'##.##.#
#.#...#...#.##.#
#.#...#.>.#....#
#.#...#...#.####
#######
#.#.@.#.>.#.######
......#
#.#...#...#......#
#####.#
#.#...#.>.#.####.#
#####.#
#.#...#...#.# #.#
....#.#
#.##'###'##.# #.#
###.#.#
#........#..# #.#
# #.#.#
#######..#.## #.#
# #.#.#
###.#.#####.# #
#.#.#
#.........#.#


There were no monsters in sight!

Vanquished Creatures
  6 orbs of fire
  4 ancient liches
  Sojobo (Vaults:4)
  The ghost of PeterLawrence the Hoplite, a legendary GrFi of Okawaru (Depths:5)
  Boris (twice) (Depths:4 Depths:5)
  Frederick (Vaults:4)
  3 Killer Klowns
  2 curse toes
  15 golden dragons
  Jory (Vaults:4)
  Nikola (Vaults:2)
  A pandemonium lord (D:13)
  6 electric golems
  Jorgrun (Depths:1)
  19 tentacled monstrosities
  26 Orb Guardians
  3 quicksilver dragons
  2 deep elf master archers (Elf:3)
  5 deep elf blademasters
  2 liches
  A titan (Vaults:5)
  6 sphinxes
  5 thorn hunters
  An ancient champion (Vaults:3)
  Kirke (Lair:7)
  5 death cobs
  6 shadow dragons
  4 tengu reavers
  7 storm dragons
  6 draconian monks
  Wiglaf (Vaults:1)
  Maud (D:11)
  15 vault wardens
  6 draconian zealots
  8 draconian scorchers
  6 ghost moths
  14 frost giants
  An iron dragon (Vaults:5)
  8 fire giants
  6 draconian knights
  Louise (Elf:2)
  A juggernaut zombie (Depths:4)
  10 deep elf sorcerers
  7 emperor scorpions
  7 deep elf elementalists
  2 ghouls
  An angel (Depths:4)
  13 ironheart preservers
  8 draconian annihilators
  A spriggan defender (Depths:4)
  A reaper (Depths:4)
  6 draconian shifters
  11 very ugly things
  21 stone giants
  5 draconian callers
  2 war gargoyles
  7 deep elf demonologists
  Nessos (Lair:7)
  2 salamander stormcallers
  9 green draconians
  2 vampire knights
  10 deep elf annihilators
  5 black draconians
  10 red draconians
  A lorocyproca (Depths:3)
  5 dire elephants (Lair:8)
  4 mottled draconians
  9 purple draconians
  Azrael (Elf:2)
  11 yellow draconians
  5 deep elf death magi (Elf:3)
  19 ettins
  A crystal guardian (Depths:2)
  7 spark wasps
  11 white draconians
  32 vault guards
  Josephine (Orc:1)
  7 entropy weavers
  26 yaktaur captains
  11 fire dragons
  3 jiangshi (Depths:5)
  24 hydras
  8 rakshasas
  5 deep elf high priests
  3 great orbs of eyes
  Fannar (D:11)
  17 ice dragons
  A hell beast (Depths:5)
  8 spriggan air magi
  3 ghost crabs
  12 ogre magi
  Erolcha (D:12)
  A catoblepas (Lair:5)
  A death knight (Vaults:5)
  13 centaur warriors
  15 death yaks
  An anaconda (Lair:8)
  27 dancing weapons
  11 deep troll shamans
  A shock serpent (shapeshifter) (Depths:3)
  7 alligators
  14 deep troll earth magi
  7 tengu warriors
  Urug (Lair:1)
  An orc high priest (Orc:2)
  6 spriggan berserkers
  29 deep elf knights
  2 vampire magi
  A sun demon (Zot:3)
  2 skeletal warriors
  4 salamander mystics
  6 iron trolls
  A fire crab (Volcano)
  18 hell knights
  2 small abominations
  A soul eater (Depths:1)
  A fire crab (shapeshifter) (Depths:1)
  36 deep trolls
  A sea snake (shapeshifter) (Depths:2)
  2 wizards
  2 giant orange brains
  4 flayed ghosts
  5 unseen horrors
  A lindwurm (Lair:7)
  7 swamp dragons
  6 shambling mangroves
  16 ironbrand convokers
  Pikel (D:4)
  An anubis guard (shapeshifter) (Vaults:5)
  A phantasmal warrior (Vaults:5)
  A tengu zombie (Depths:4)
  20 deep elf archers
  15 orb spiders
  12 harpies
  14 necromancers
  7 hill giants
  A harpy (shapeshifter) (Vaults:1)
  12 orc knights
  A tengu skeleton (Vaults:4)
  A mana viper (shapeshifter) (Vaults:5)
  A fire giant zombie (Vaults:4)
  2 human zombies (Vaults:4)
  67 deep elf magi
  A griffon (shapeshifter) (Depths:2)
  2 frost giant zombies
  24 wolf spiders
  5 griffons
  14 cyclopes
  9 salamanders
  An orc sorcerer (Vaults:3)
  88 ugly things
  A faun (shapeshifter) (Vaults:5)
  2 hornets
  A centaur zombie (D:11)
  2 human skeletons (Vaults:4)
  4 elephants (Lair:8)
  2 guardian serpents (D:9)
  An octopode (shapeshifter) (Depths:2)
  Maurice (D:11)
  25 moths of wrath
  A fire giant skeleton (Depths:4)
  7 naga magi (Depths:2)
  A guardian serpent (shapeshifter) (D:13)
  2 rust devils
  2 black mambas
  3 torpor snails
  11 vault sentinels
  4 centaur skeletons
  A titan simulacrum (Depths:5)
  Psyche (D:10)
  An ice statue (IceCv)
  A smoke demon (Depths:5)
  2 spiny frogs (shapeshifter) (D:15)
  A torpor snail (shapeshifter) (Vaults:5)
  A gargoyle (Depths:2)
  2 orange demons
  23 spiny frogs
  2 kobold demonologists (Vaults:1)
  7 komodo dragons
  2 yaktaur zombies (Vaults:4)
  A hellion (Depths:1)
  2 efreet
  A yaktaur skeleton (Vaults:2)
  2 komodo dragons (shapeshifter)
  43 yaktaurs
  2 ice devils
  6 tengu conjurers
  2 anaconda simulacra (Depths:2)
  A hellwing (Zot:5)
  9 demonic crawlers
  6 red devils
  5 fire drakes
  A merfolk (shapeshifter) (Depths:4)
  A fire drake (shapeshifter) (Vaults:3)
  A polar bear (shapeshifter) (Vaults:1)
  12 trolls
  19 jumping spiders
  A polar bear (D:15)
  A queen bee (shapeshifter) (Elf:1)
  4 giant leeches
  An entropy weaver zombie (Depths:1)
  18 freezing wraiths
  A wolf spider simulacrum (IceCv)
  The ghost of gorblad the Nimble, a novice FeMo (D:6)
  16 two-headed ogres
  A blink frog (shapeshifter) (D:15)
  23 slime creatures
  7 boulder beetles
  12 blink frogs
  9 bog bodies
  A hornet zombie (D:14)
  Prince Ribbit (D:7)
  A snapping turtle (shapeshifter) (Depths:2)
  8 air elementals
  6 flying skulls (Depths:5)
  An ettin skeleton (Vaults:4)
  A fire dragon skeleton (Depths:1)
  74 redbacks
  A shadow (Swamp:1)
  A stone giant simulacrum (Vaults:3)
  A vampire (D:10)
  4 wraiths
  A water elemental (Depths:1)
  6 spriggans
  A redback (shapeshifter) (D:15)
  3 wyverns
  2 fire bats (Volcano)
  2 ynoxinuls
  38 yaks
  31 tarantellas
  12 hippogriffs
  A chaos spawn (Depths:4)
  14 fire elementals
  2 hungry ghosts
  40 vampire mosquitoes
  Grum (Lair:1)
  A basilisk (D:14)
  A basilisk (shapeshifter) (Vaults:5)
  A neqoxec (Depths:4)
  3 hippogriffs (shapeshifter)
  An elf simulacrum (Depths:4)
  A harpy simulacrum (Depths:2)
  14 wolves
  A mottled dragon (shapeshifter) (Vaults:4)
  27 swamp worms
  9 insubstantial wisps
  2 mottled dragons
  3 wargs
  An entropy weaver simulacrum (Depths:1)
  A soldier ant (D:11)
  18 water moccasins
  11 porcupines
  7 hell hounds
  4 sky beasts
  A sky beast (shapeshifter) (Depths:4)
  A swamp drake (shapeshifter) (Elf:1)
  38 orc warriors
  13 swamp drakes
  2 phantoms
  2 slaves (D:4)
  30 wasps
  2 necrophages
  18 ice beasts
  An eye of draining (shapeshifter) (Vaults:2)
  8 boggarts
  An elf skeleton (Vaults:2)
  44 ogres
  2 black bears
  18 centaurs
  16 crocodiles
  A big kobold (D:11)
  A big kobold (shapeshifter) (Vaults:3)
  27 giant frogs
  2 human simulacra
  4 earth elementals
  A wyvern zombie (D:9)
  A glowing shapeshifter simulacrum (Vaults:2)
  4 scorpions
  5 killer bees (D:7)
  7 wights
  A lava snake (Lair:1)
  3 electric eels
  11 crimson imps
  A wasp zombie (D:9)
  A giant frog zombie (D:11)
  7 jellies
  3 draconian simulacra (IceCv)
  26 orc priests
  A gnoll shaman (D:8)
  4 hounds
  30 orc wizards
  2 giant frog skeletons
  2 polar bear simulacra (IceCv)
  11 iguanas
  14 worker ants
  3 troll simulacra (IceCv)
  A wolf simulacrum (IceCv)
  2 spriggan simulacra (IceCv)
  2 killer bee zombies
  7 sheep
  A wasp simulacrum (D:14)
  3 centaur simulacra (IceCv)
  A worker ant zombie (D:6)
  16 adders
  4 gnolls (D:8)
  6 naga simulacra (IceCv)
  3 ogre simulacra (IceCv)
  30 river rats
  2 shadow imps
  13 white imps
  3 ufetubi
  3 oozes
  An adder skeleton (D:7)
  15 worms
  13 giant geckos
  121 orcs
  3 giant cockroaches
  11 goblins
  A hobgoblin (shapeshifter) (Vaults:5)
  6 hobgoblins
  3 jackals (D:11)
  A jackal (shapeshifter) (Depths:2)
  A quokka (D:3)
  2 ball pythons
  10 bats
  4 giant newts
  12 kobolds
  A quokka zombie (D:5)
  10 rats
  8 briar patches (Swamp:3)
  8 crawling corpses
  A fire vortex (D:14)
  12 fungi
  8 plants
  3 toadstools (Swamp:2)
2549 creatures vanquished.

Vanquished Creatures (collateral kills)
  A death cob (Zot:5)
  An emperor scorpion (Spider:4)
  A very ugly thing (Depths:3)
  A deep elf annihilator (Elf:3)
  2 dancing weapons (Elf:2)
  A deep elf archer (Elf:2)
  3 orb spiders
  A deep elf mage (Elf:2)
  4 redbacks
  A tarantella (Spider:4)
16 creatures vanquished.

Vanquished Creatures (others)
  A deep elf annihilator (Vaults:2)
  A fire dragon (Zot:5)
  A spriggan druid (Swamp:4)
  2 deep elf magi (Vaults:2)
  A wizard (D:7)
  A wolf spider (Spider:1)
  A tarantella (Spider:1)
  6 humans (Lair:7)
  An insubstantial wisp (Swamp:4)
  A water moccasin (Lair:7)
  A porcupine (Lair:7)
  2 slaves (D:4)
  An orc priest (D:4)
  An orc wizard (Orc:2)
  An adder (D:4)
  2 orcs
  4 briar patches
  10 fungi
  26 plants
  3 toadstools (Swamp:2)
67 creatures vanquished.

Grand Total: 2632 creatures vanquished

Notes
Turn   | Place    | Note
--------------------------------------------------------------
     0 | D:1      | kak the Minotaur Berserker began the quest for the Orb.
     0 | D:1      | Reached XP level 1. HP: 19/19 MP: 0/0
   131 | D:1      | Reached skill level 4 in Axes
   131 | D:1      | Reached XP level 2. HP: 24/27 MP: 1/1
   523 | D:1      | Reached ** piety under Trog
   554 | D:1      | Reached XP level 3. HP: 33/33 MP: 2/2
   951 | D:2      | Reached skill level 5 in Axes
  1005 | D:2      | Found a glowing golden altar of the Shining One.
  1102 | D:2      | Found an opulent altar of Gozag.
  1370 | D:2      | Found an ancient bone altar of Kikubaaqudgha.
  1370 | D:2      | Found a blossoming altar of Fedhas.
  1624 | D:3      | Reached XP level 4. HP: 30/40 MP: 3/3
  1822 | D:3      | Reached *** piety under Trog
  2281 | D:4      | Reached skill level 5 in Fighting
  2281 | D:4      | Reached skill level 6 in Axes
  2281 | D:4      | Reached XP level 5. HP: 46/48 MP: 4/4
  2337 | D:4      | Noticed a slave
  2337 | D:4      | Noticed a slave
  2339 | D:4      | Noticed a slave
  2340 | D:4      | Noticed Pikel
  2343 | D:4      | Killed a slave
  2344 | D:4      | Killed a slave
  2359 | D:4      | Killed Pikel
  2359 | D:4      | Reached skill level 7 in Axes
  2359 | D:4      | Reached XP level 6. HP: 54/58 MP: 5/5
  2359 | D:4      | Reached XP level 7. HP: 59/64 MP: 6/6
  2397 | D:4      | Got a polished ring mail
  2408 | D:4      | Identified the +0 ring mail "Himiant" {rF++} (You found it on level 4 of the Dungeon)
  2477 | D:4      | Noticed a human
  2478 | D:4      | Found a runed door.
  2479 | D:4      | Found a basalt altar of Yredelemnul.
  2506 | D:4      | Reached skill level 5 in Armour
  2557 | D:4      | Found a shattered altar of Ashenzari.
  3004 | D:5      | Entered Level 5 of the Dungeon
  3027 | D:5      | Reached skill level 8 in Axes
  3027 | D:5      | Reached XP level 8. HP: 73/73 MP: 7/7
  3073 | D:5      | Found a shimmering altar of Xom.
  3477 | D:5      | Reached **** piety under Trog
  3477 | D:5      | Reached skill level 9 in Axes
  3601 | D:5      | Found a shadowy altar of Dithmenos.
  3773 | D:5      | Found a sparkling altar of Nemelex Xobeh.
  4261 | D:6      | Found a glowing silver altar of Zin.
  4521 | D:6      | Found a staircase to the Ecumenical Temple.
  4527 | D:6      | Noticed gorblad's ghost (novice FeMo)
  4530 | D:6      | Reached skill level 10 in Axes
  4551 | D:6      | Killed gorblad's ghost
  4551 | D:6      | Reached XP level 9. HP: 81/81 MP: 8/8
  4991 | D:7      | Received a gift from Trog
  4992 | D:7      | Reached skill level 11 in Axes
  5058 | D:7      | Found Poujouh's Magic Scroll Boutique.
  5072 | D:7      | Bought a scroll of identify for 26 gold pieces
  5081 | D:7      | Bought a scroll of summoning for 123 gold pieces
  5081 | D:7      | Bought a scroll of identify for 26 gold pieces
  5256 | D:7      | Noticed Prince Ribbit
  5275 | D:7      | Killed Prince Ribbit
  5275 | D:7      | Reached skill level 12 in Axes
  5313 | D:7      | Found a bloodstained altar of Trog.
  5314 | D:7      | Noticed a wizard
  5320 | D:7      | Killed a wizard
  5361 | D:7      | Found an oddly glowing altar of Pakellas.
  5557 | D:8      | Found a staircase to the Lair.
  5561 | Lair:1   | Entered Level 1 of the Lair of Beasts
  5575 | Lair:1   | Reached XP level 10. HP: 79/91 MP: 9/9
  5610 | Lair:1   | Noticed Urug
  5634 | Lair:1   | Killed Urug
  5634 | Lair:1   | Reached skill level 10 in Fighting
  5665 | Lair:1   | Noticed a black mamba
  5666 | Lair:1   | Reached skill level 13 in Axes
  5673 | Lair:1   | Killed a black mamba
  5673 | Lair:1   | Reached ***** piety under Trog
  5694 | Lair:1   | HP: 6/138 [blink frog (7)]
  5700 | Lair:1   | HP: 6/139 [poisoned by a black mamba]
  6290 | Lair:1   | Reached skill level 14 in Axes
  6559 | Lair:1   | Noticed Grum
  6562 | Lair:1   | Reached XP level 11. HP: 100/100 MP: 10/10
  6569 | Lair:1   | Killed Grum
  6616 | Lair:1   | Reached skill level 10 in Armour
  7367 | Lair:2   | Reached skill level 15 in Axes
  7377 | Lair:2   | Identified a +0 rod of ignition (12/12) (You found it on level 2 of the Lair of Beasts)
  7429 | Lair:2   | Received a gift from Trog
  7440 | Lair:2   | Got a translucent war axe {god gift}
  7441 | Lair:2   | Identified the +2 war axe "Buenanni" {vamp, Int+6} (Trog gifted it to you on level 2 of the Lair of Beasts)
  8191 | Lair:3   | Found a staircase to the Swamp.
  8516 | Lair:4   | Found a dark tunnel.
  8524 | Volcano  | Entered a volcano
  8549 | Volcano  | Noticed a fire crab
  8557 | Volcano  | Killed a fire crab
  8557 | Volcano  | Reached skill level 1 in Evocations
  8561 | Volcano  | Reached skill level 16 in Axes
  8600 | Volcano  | Reached XP level 12. HP: 60/111 MP: 10/12
  8639 | Volcano  | Received a gift from Trog
  8642 | Volcano  | Got a slimy war axe {god gift}
  8643 | Volcano  | Identified the +5 war axe of the Pure Ghosts {flame, rElec MR+ Str+4} (Trog gifted it to you in a volcano)
 10938 | D:10     | Entered Level 10 of the Dungeon
 11066 | D:10     | Gained mutation: You are partially covered in rugged brown scales (AC +1, +3% HP). [potion of mutation]
 11066 | D:10     | Gained mutation: You possess an exceptional clarity of mind. [potion of mutation]
 11066 | D:10     | Gained mutation: You expend magic power (3 MP) to strengthen your wands. [potion of mutation]
 11114 | D:10     | Found a staircase to the Orcish Mines.
 11122 | Orc:1    | Entered Level 1 of the Orcish Mines
 11125 | Orc:1    | Received a gift from Trog
 11144 | Orc:1    | Reached skill level 17 in Axes
 11313 | Orc:1    | Noticed a stone giant
 11325 | Orc:1    | Killed a stone giant
 11465 | Orc:1    | Noticed Josephine
 11470 | Orc:1    | Killed Josephine
 11478 | Orc:1    | Found Uvaumape's Magic Scroll Boutique.
 11553 | Orc:1    | Bought a scroll of enchant weapon for 105 gold pieces
 11553 | Orc:1    | Bought a scroll of identify for 28 gold pieces
 11725 | Orc:2    | Entered Level 2 of the Orcish Mines
 11730 | Orc:2    | Noticed an ettin
 11740 | Orc:2    | Killed an ettin
 11753 | Orc:2    | Reached ****** piety under Trog
 11756 | Orc:2    | Found Neinyso's Antique Weapon Emporium.
 11756 | Orc:2    | Noticed an ettin
 11787 | Orc:2    | Killed an ettin
 11787 | Orc:2    | Reached skill level 18 in Axes
 11788 | Orc:2    | Found Xam Nassuo's General Store.
 11799 | Orc:2    | Reached XP level 13. HP: 70/122 MP: 14/14
 12174 | Orc:2    | Noticed an ettin
 12176 | Orc:2    | Found Geuxit's Jewellery Emporium.
 12180 | Orc:2    | Killed an ettin
 12199 | Orc:2    | Bought an uncursed ring of sustain attributes for 315 gold pieces
 12274 | Orc:2    | Bought an uncursed ring of poison resistance for 260 gold pieces
 12278 | Orc:2    | Found Gysexur's Antique Armour Boutique.
 12294 | Orc:2    | Bought a pair of glowing boots for 81 gold pieces
 12359 | Orc:2    | Noticed a stone giant
 12367 | Orc:2    | Killed a stone giant
 12384 | Orc:2    | Found Bokeliall's Antique Armour Boutique.
 12900 | Orc:2    | Received a gift from Trog
 12959 | Orc:2    | Found a staircase to the Elven Halls.
 13065 | Orc:2    | Found a roughly hewn altar of Beogh.
 13445 | D:10     | Reached skill level 19 in Axes
 13516 | D:10     | Noticed Psyche
 13524 | D:10     | Killed Psyche
 13538 | D:10     | Found a roughly hewn altar of Beogh.
 14028 | D:11     | Found Rakuxod's Antique Weapon Emporium.
 14045 | D:11     | Noticed Maud
 14055 | D:11     | Killed Maud
 14112 | D:11     | Noticed Fannar
 14113 | D:11     | Reached skill level 5 in Evocations
 14126 | D:11     | Killed Fannar
 14285 | D:11     | Found a white marble altar of Elyvilon.
 14291 | D:11     | Found a runed door.
 14291 | D:11     | Noticed an angel
 14336 | D:11     | Noticed Maurice
 14344 | D:11     | Killed Maurice
 14605 | D:12     | Noticed Erolcha
 14617 | D:12     | Killed Erolcha
 14695 | D:12     | Received a gift from Trog
 14837 | D:12     | Reached skill level 20 in Axes
 14861 | D:12     | You fall through a shaft for 3 floors!
 14861 | D:15     | Entered Level 15 of the Dungeon
 14876 | D:15     | Reached XP level 14. HP: 112/132 MP: 5/17
 14942 | D:15     | Found a frozen archway.
 15064 | IceCv    | Entered an ice cave
 15096 | IceCv    | Received a gift from Trog
 15295 | IceCv    | Found an ancient bone altar of Kikubaaqudgha.
 15824 | D:15     | Found a radiant altar of Vehumet.
 15861 | D:15     | Reached skill level 21 in Axes
 16100 | D:15     | Reached skill level 5 in Dodging
 16186 | D:15     | Found a staircase to the Depths.
 16367 | D:14     | Received a gift from Trog
 16387 | D:14     | Got a smoking trident
 16388 | D:14     | Identified the +2 trident of Wounding {pierce, +Blink Str+2 Stlth+} (You found it on level 14 of the Dungeon)
 16564 | D:14     | Noticed Roxanne
 16724 | D:14     | Reached XP level 15. HP: 137/139 MP: 6/19
 16858 | D:13     | Got a faintly glowing plate armour
 16949 | D:13     | Identified the cursed +0 plate armour of Altruism {rElec SInv} (You found it on level 13 of the Dungeon)
 17076 | D:13     | Found a gate to the Vaults.
 17092 | D:13     | Reached skill level 22 in Axes
 17102 | D:13     | Received a gift from Trog
 17582 | Lair:5   | Found an iron altar of Okawaru.
 17869 | Lair:5   | Found a hole to the Spider Nest.
 18761 | Lair:7   | Received a gift from Trog
 19234 | Lair:7   | Noticed Kirke
 19243 | Lair:7   | Killed Kirke
 19249 | Lair:7   | Noticed Nessos
 19332 | Lair:7   | Reached skill level 23 in Axes
 19554 | Lair:7   | Killed Nessos
 20020 | Lair:8   | Entered Level 8 of the Lair of Beasts
 20305 | Lair:8   | Got an ancient battleaxe
 20306 | Lair:8   | Identified the +2 battleaxe of Desertification {pain, +Fly rF- rC+ rN+++} (You found it on level 8 of the Lair of Beasts)
 20308 | Lair:8   | Got a polished scale mail
 20309 | Lair:8   | Identified the +9 scale mail of Hunij {+Fly Slay+2} (You found it on level 8 of the Lair of Beasts)
 20384 | Lair:8   | Reached XP level 16. HP: 127/149 MP: 7/21
 20458 | Lair:8   | Found a staircase to the Slime Pits.
 20958 | Lair:8   | Received a gift from Trog
 21280 | Swamp:1  | Entered Level 1 of the Swamp
 22085 | Swamp:2  | Noticed a thorn hunter
 22101 | Swamp:2  | Killed a thorn hunter
 22501 | Swamp:2  | Found a basalt altar of Yredelemnul.
 22954 | Swamp:3  | Noticed a thorn hunter
 22967 | Swamp:3  | Killed a thorn hunter
 23663 | Swamp:4  | Entered Level 4 of the Swamp
 23677 | Swamp:3  | Received a gift from Trog
 23768 | Swamp:4  | Noticed a thorn hunter
 24002 | Swamp:4  | Reached skill level 24 in Axes
 24008 | Swamp:4  | Killed a thorn hunter
 24246 | Swamp:4  | Reached skill level 15 in Fighting
 24315 | Swamp:4  | Reached XP level 17. HP: 160/160 MP: 8/23
 24466 | Swamp:4  | Upgraded the game from 0.18-a0-1120-g03bd624 to 0.18-a0-1121-gb454403
 24579 | Swamp:4  | Received a gift from Trog
 24802 | Swamp:4  | Got a decaying rune of Zot
 25183 | Vaults:1 | Entered Level 1 of the Vaults
 25299 | Vaults:1 | Reached skill level 10 in Evocations
 25650 | Vaults:1 | Noticed Wiglaf
 25664 | Vaults:1 | Killed Wiglaf
 26265 | Vaults:1 | Received a gift from Trog
 27065 | Vaults:2 | Reached skill level 25 in Axes
 27217 | Vaults:2 | Reached XP level 18. HP: 90/170 MP: 8/25
 27218 | Vaults:2 | Received a gift from Trog
 27717 | Vaults:2 | Noticed Nikola
 27728 | Vaults:2 | Killed Nikola
 28169 | Vaults:3 | Got a scorched arbalest
 28170 | Vaults:3 | Identified the +2 arbalest of Benevolence {velocity, *Contam rElec rPois MR- Stlth+} (You found it on level 3 of the Vaults)
 28213 | Vaults:3 | Gained mutation: You tend to lose your temper in combat. [mutagenic glow]
 28216 | Vaults:3 | Received a gift from Trog
 28295 | Vaults:3 | Noticed a lich
 28306 | Vaults:3 | Killed a lich
 28997 | Vaults:3 | Reached skill level 26 in Axes
 29002 | Vaults:3 | Found a staircase to the Crypt.
 29186 | Vaults:3 | Reached skill level 15 in Armour
 29823 | Vaults:4 | Received a gift from Trog
 29905 | Vaults:4 | Reached XP level 19. HP: 161/182 MP: 8/26
 29973 | Vaults:4 | Noticed Jory
 30014 | Vaults:4 | Killed Jory
 30014 | Vaults:4 | Reached skill level 10 in Dodging
 30128 | Vaults:4 | Found Meerph's Antique Armour Shoppe.
 30282 | Vaults:4 | Noticed Frederick
 30295 | Vaults:4 | Killed Frederick
 30391 | Vaults:4 | Received a gift from Trog
 30648 | Vaults:4 | Found Siamiyd's Magic Scroll Emporium.
 30667 | Vaults:4 | Bought a jewelled plate armour for 952 gold pieces
 30667 | Vaults:4 | Identified the cursed +1 plate armour of Dishonour {rElec rF- rN+ Str+6} (You bought it in a shop on level 4 of the Vaults)
 31136 | Vaults:5 | Entered Level 5 of the Vaults
 31138 | Vaults:5 | Noticed a golden dragon
 31169 | Vaults:4 | Received a gift from Trog
 31197 | Vaults:4 | Reached skill level 27 in Axes
 31222 | Vaults:5 | Noticed a golden dragon
 31544 | Vaults:5 | Reached XP level 20. HP: 194/194 MP: 28/28
 31549 | Vaults:5 | Killed a golden dragon
 31644 | Vaults:5 | Killed a golden dragon
 31647 | Vaults:5 | Noticed Sojobo
 31652 | Vaults:5 | Noticed a golden dragon
 31696 | Vaults:5 | Killed a golden dragon
 31829 | Vaults:5 | Received a gift from Trog
 32159 | Vaults:4 | Killed Sojobo
 33066 | Vaults:5 | Received a gift from Trog
 33080 | Vaults:5 | Got a warped mace {holy}
 33081 | Vaults:5 | Identified the +12 mace of Ajiamn {holy, MR+ SInv} (You took it off a tengu reaver on level 5 of the Vaults)
 33326 | Vaults:5 | Reached skill level 1 in Stealth
 33393 | Vaults:5 | Got a slimy glass ring
 33425 | Vaults:5 | Got a silver rune of Zot
 33433 | Vaults:5 | Identified the ring of Lofeng {Wiz rElec Int+4 Dex-2 Slay+2} (You took it off an ogre mage on level 5 of the Vaults)
 33442 | Vaults:5 | Reached XP level 21. HP: 148/207 MP: 30/30
 33449 | Vaults:5 | Got a spiked leather armour
 33460 | Vaults:5 | Identified the +1 leather armour "Teakolyd" {*Contam rElec SInv} (You found it on level 5 of the Vaults)
 33821 | Vaults:5 | Noticed a golden dragon
 33822 | Vaults:5 | Noticed a golden dragon
 33829 | Vaults:5 | Killed a golden dragon
 33838 | Vaults:5 | Killed a golden dragon
 34080 | Vaults:5 | Noticed an ancient lich
 34092 | Vaults:5 | Killed an ancient lich
 34321 | Vaults:5 | Found Ceog's Distillery.
 34332 | Vaults:5 | Identified Raen's Incunabulum of Lucky Damage Dealing
 35247 | Spider:1 | Entered Level 1 of the Spider Nest
 35295 | Spider:1 | Received a gift from Trog
 35299 | Spider:1 | Got a jewelled war axe {god gift}
 35645 | Spider:1 | Identified the +4 war axe of Unpleasantness {freeze, rF- rC+ Dex+2} (Trog gifted it to you on level 1 of the Spider Nest)
 35898 | Spider:2 | Got a faintly humming hat
 35899 | Spider:2 | Identified the +0 hat "Luus" {rPois} (You found it on level 2 of the Spider Nest)
 37169 | Spider:4 | Entered Level 4 of the Spider Nest
 37250 | Spider:4 | Received a gift from Trog
 37933 | Spider:4 | Reached XP level 22. HP: 221/221 MP: 31/31
 37980 | Spider:4 | Got a gossamer rune of Zot
 38198 | Spider:2 | Received a gift from Trog
 38208 | Spider:2 | Reached skill level 1 in Maces & Flails
 38210 | Spider:2 | Got a polished battleaxe {god gift}
 38211 | Spider:2 | Identified the +1 battleaxe of World's End {chop, *Confuse +Inv rPois Stlth+} (Trog gifted it to you on level 2 of the Spider Nest)
 38531 | Elf:1    | Entered Level 1 of the Elven Halls
 39288 | Elf:1    | Identified Seine's Catalogue of Attacks
 39407 | Elf:2    | Received a gift from Trog
 39915 | Elf:2    | Found a huge runed gate.
 39915 | Elf:2    | Found a huge runed gate.
 39915 | Elf:2    | Found a huge runed gate.
 40130 | Elf:2    | Noticed Louise
 40142 | Elf:2    | Killed Louise
 40216 | Elf:2    | Noticed Azrael
 40229 | Elf:2    | Received a gift from Trog
 40233 | Elf:2    | Killed Azrael
 40546 | Elf:3    | Entered Level 3 of the Elven Halls
 40637 | Elf:3    | Found Muemm's Book Boutique.
 40642 | Elf:3    | Bought a manual of Maces & Flails for 2208 gold pieces
 40672 | Elf:3    | Found a deep blue altar of Sif Muna.
 40791 | Elf:3    | Reached skill level 15 in Evocations
 41220 | Elf:3    | Received a gift from Trog
 41413 | Elf:3    | Reached XP level 23. HP: 189/234 MP: 33/33
 41631 | Elf:3    | Identified a +5 rod of clouds (14/14) (You took it off a deep elf annihilator on level 3 of the Elven Halls)
 41673 | Elf:3    | Got a transparent spear {pierce}
 41674 | Elf:3    | Identified the cursed +1 spear of Lashraecw {pierce, *Confuse rN+ Str+4 Dex+2} (You took it off a deep elf sorcerer on level 3 of the Elven Halls)
 41714 | Elf:3    | Got a flickering lead ring
 41716 | Elf:3    | Identified the ring "Pucaig" {rCorr Str+5} (You took it off a deep elf high priest on level 3 of the Elven Halls)
 41889 | Elf:3    | Received a gift from Trog
 41904 | Elf:3    | Got a translucent spear
 41905 | Elf:3    | Identified the +2 spear of Anger {pierce, *Corrode MR+ Str+6 Int+4} (You found it on level 3 of the Elven Halls)
 41918 | Elf:3    | Got an iridescent shortbow
 41919 | Elf:3    | Identified the +8 shortbow of Yheirab {flame, rElec Stlth+} (You found it on level 3 of the Elven Halls)
 42437 | Depths:1 | Entered Level 1 of the Depths
 42605 | Depths:1 | Noticed Jorgrun
 42619 | Depths:1 | Killed Jorgrun
 42908 | Depths:1 | Reached skill level 15 in Dodging
 43070 | Depths:1 | Received a gift from Trog
 43306 | Depths:1 | Found a gateway to Hell.
 43887 | Depths:2 | Upgraded the game from 0.18-a0-1121-gb454403 to 0.18-a0-1123-gbd92598
 44298 | Depths:2 | Received a gift from Trog
 44318 | Depths:2 | Found a one-way gate leading to the halls of Pandemonium.
 44347 | Depths:2 | Found a one-way gate to the infinite horrors of the Abyss.
 44417 | Depths:2 | Found a gateway to a ziggurat.
 44873 | Depths:2 | Cast into level 2 of the Abyss (an ogre mage)
 44889 | Depths:2 | Escaped the Abyss
 44893 | Depths:2 | Received a gift from Trog
 45061 | Depths:3 | Reached XP level 24. HP: 131/245 MP: 33/33
 45401 | Depths:3 | Got a faintly humming scale mail
 45402 | Depths:3 | Identified the +2 scale mail "Ownom" {rF++ Regen+} (You found it on level 3 of the Depths)
 45633 | Depths:3 | Received a gift from Trog
 45799 | Depths:3 | Received a gift from Trog
 46120 | Depths:4 | Noticed Boris
 46138 | Depths:4 | Killed Boris
 46708 | Depths:4 | Found a portal to a secret trove of treasure.
 46934 | Depths:4 | Found a glowing golden altar of the Shining One.
 46947 | Depths:4 | Got a wavering lead ring
 46949 | Depths:4 | Identified the ring "Ocuellid" {EV+4 Dex+3 SInv Stlth-} (You found it on level 4 of the Depths)
 47205 | Depths:5 | Entered Level 5 of the Depths
 47205 | Depths:5 | Noticed Boris
 47214 | Depths:5 | Killed Boris
 47251 | Depths:5 | Noticed PeterLawrence's ghost (legendary GrFi)
 47289 | Depths:5 | Killed PeterLawrence's ghost
 47483 | Depths:5 | Received a gift from Trog
 47556 | Depths:5 | Reached XP level 25. HP: 161/253 MP: 33/33
 47570 | Depths:5 | Found a gate to the Realm of Zot.
 47948 | Depths:5 | Found a glowing silver altar of Zin.
 47948 | Depths:5 | Found Hinegh's Hallowed Reliquary.
 47955 | Depths:5 | Bought a potion of cure mutation for 525 gold pieces
 47955 | Depths:5 | Bought a wand of heal wounds (5/9) for 1134 gold pieces
 48193 | Depths:5 | Received a gift from Trog
 48472 | Zot:1    | Entered Level 1 of the Realm of Zot
 50253 | Zot:2    | Received a gift from Trog
 51429 | Zot:4    | Reached XP level 26. HP: 227/261 MP: 30/33
 51443 | Zot:4    | Noticed an orb of fire
 51446 | Zot:4    | Gained mutation: Your magical capacity is low (-10% MP). [an orb of fire]
 51453 | Zot:4    | Killed an orb of fire
 51453 | Zot:4    | Reached skill level 27 in Armour
 51493 | Zot:3    | Received a gift from Trog
 52066 | Zot:5    | Entered Level 5 of the Realm of Zot
 52592 | Zot:5    | Received a gift from Trog
 52695 | Zot:5    | Noticed an orb of fire
 52701 | Zot:5    | Gained mutation: You are partially covered in slimy green scales (AC +2). [an orb of fire]
 52703 | Zot:5    | Gained mutation: Your magical capacity is very low (-20% MP). [an orb of fire]
 52711 | Zot:5    | Gained mutation: Your spells are a little easier to cast, but a little less powerful. [an orb of fire]
 52719 | Zot:5    | Killed an orb of fire
 52848 | Zot:5    | Noticed an orb of fire
 52849 | Zot:5    | Gained mutation: Your magical capacity is extremely low (-30% MP). [an orb of fire]
 52849 | Zot:5    | Gained mutation: Armour fits poorly on your strangely shaped body. [an orb of fire]
 52852 | Zot:5    | Gained mutation: You are dopey. (Int -2) [an orb of fire]
 52864 | Zot:5    | Killed an orb of fire
 52986 | Zot:5    | Noticed an ancient lich
 53005 | Zot:5    | Killed an ancient lich
 53190 | Zot:5    | Reached XP level 27. HP: 269/279 MP: 23/23
 53222 | Zot:5    | Noticed an orb of fire
 53228 | Zot:5    | Noticed an orb of fire
 53231 | Zot:5    | Gained mutation: You often lose your temper in combat. [an orb of fire]
 53233 | Zot:5    | Gained mutation: You have an uncontrollable temper. [an orb of fire]
 53237 | Zot:5    | Killed an orb of fire
 53253 | Zot:5    | Killed an orb of fire
 53253 | Zot:5    | Reached skill level 27 in Fighting
 53254 | Zot:5    | Noticed an ancient lich
 53271 | Zot:5    | Killed an ancient lich
 53274 | Zot:5    | Noticed an ancient lich
 53287 | Zot:5    | Killed an ancient lich
 53624 | Zot:5    | Noticed an orb of fire
 53634 | Zot:5    | Gained mutation: Scrolls take you a little longer to read. [an orb of fire]
 53637 | Zot:5    | Killed an orb of fire
 54375 | Zot:5    | Got the Orb of Zot
 54905 | D:14     | Noticed Yluor the pandemonium lord
 54957 | D:13     | Killed Yluor the pandemonium lord
 55204 | D:$      | Escaped with the Orb!

Vault maps used:
D:1:      minmay_arrival_up_and_down
D:2:      old_standard_altar, nicolae_overflow_crystal_walls,
          grunt_temple_overflow_growth_and_decay, serial_bayou_lagoon_a,
          serial_bayou_lagoon_b
D:3:      hangedman_feature_mirror
D:4:      kennysheep_little_box, first_bread, dk_yredelemnul_ordeal, uniq_pikel
D:5:      grunt_dithmenos_smoke, marbit_many_paths, minmay_tree_intersection,
          xom_confusion_cloud
D:6:      minmay_temple_entry_purple_smoke, basic_altar
D:7:      kennysheep_mini, serial_shops,
          nicolae_shop_competitors_out_of_business, trog_wizard,
          uniq_prince_ribbit1
D:8:      lair_0_dummy
D:9:      nrook_guardian_serpent_snake_passage, grunt_pizzeria,
          dk_noncrumbling_4, worms_lemuel
D:10:     minmay_orc_entry_temple_small, uniq_psyche
D:11:     serial_shops, nicolae_shop_behind_doors, lemuel_angel_altar,
          uniq_fannar, uniq_maud, uniq_maurice
D:12:     minmay_spiral_squares, uniq_harold, uniq_erolcha
D:13:     lightli_vaults_fourway_checkpoint
D:14:     nicolae_lava_and_water, minivault_14, minmay_crystal_room,
          uniq_roxanne
D:15:     gammafunk_enter_depths_forms, lab_entry_generic, basic_altar,
          serial_ice, serial_ice_l, serial_ice_m, serial_ice_o, serial_ice_a,
          portal_ice_cave_entry_ice_beasts
Lair:1:   grunt_forest_stairs_basic, uniq_urug, uniq_grum
Lair:3:   swamp_mist_pool, st_stairs_12, serial_bayou_shore_a,
          infiniplex_staircase_pool
Lair:4:   dpeg_oklob_gauntlet, enter_volcano_2,
          grunt_forest_small_clearing_treed, infiniplex_staircase_pool_2,
          serial_bayou_shore_b, serial_bayou_shore_b
Lair:5:   dummy_spider_entry, basic_altar, minivault_19
Lair:7:   nicolae_quartered_pool_super, kennysheep_catoblepas_arena,
          grunt_megastairs_1, lemuel_fruit_tree, uniq_kirke, uniq_nessos
Lair:8:   due_jungle_book, minmay_slime_entry_pillars, dpeg_stationary_puzzle
Swamp:1:  evilmike_swamp_ruin_house_3
Swamp:2:  cheibrodos_swamp_tower_of_moss, nicolae_swamp_godswood
Swamp:3:  hangedman_swamp_diagram
Swamp:4:  swamp_basic_johnstein
Spider:1: nicolae_spider_webbed_stairs
Spider:4: grunt_spider_rune_circles
Orc:1:    serial_shops, shop_fountains, uniq_josephine
Orc:2:    grunt_orc_gardens, grunt_orc_garden, grunt_orc_garden,
          grunt_orc_garden, grunt_orc_garden, serial_shops, shop_statue,
          nicolae_orc_jurassic_orc, minmay_orc_temple_b
Elf:1:    eino_elf_arrival_sip, minmay_elf_sorcery
Elf:2:    uniq_azrael, uniq_louise
Elf:3:    minmay_elf_hall_quartered_circle, serial_shops, shop,
          david_defended_altar_elf
Vaults:1: st_more_cells, v_misc_8, vaults_dpeg_encased_lava, vaults_room_pools,
          ontoclasm_vaults_loading_screen, uniq_wiglaf
Vaults:2: ontoclasm_vaults_twist, grunt_vaults_focal,
          nicolae_vaults_little_squares_4, nicolae_vaults_big_ls,
          vaults_room_stairs_pillars, vaults_standard_mumra_lines, kb_rosetta,
          vaults_room_door_ring, nicolae_vaults_rhombus_5, v_rooms_1,
          dpeg_vaults_monster_box, nicolae_vaults_little_squares_6,
          vaults_room_door_hall, uniq_nikola
Vaults:3: v_pattern_5, ontoclasm_vaults_shuriken, nicolae_vaults_angled_halls,
          nicolae_vaults_disjoint_gnomons, grunt_vaults_hallway_short,
          vaults_room_semicircle, minmay_crypt_entry_simple_corners,
          nicolae_vaults_yaktaur_gun_rack, hangedman_vaults_river_flow,
          vaults_mumra_minichess, nicolae_vaults_windows_and_doors_thing,
          v_alt_pattern_4, vaults_dpeg_hooks
Vaults:4: ontoclasm_vaults_loading_screen, v_misc_25, hangedman_vaults_hat,
          nicolae_vaults_shelves_hall, ontoclasm_vaults_decontamination,
          grunt_vaults_diagonal, nicolae_vaults_circle_grid_a,
          vaults_mumra_minichess_inversion, v_misc_3, vaults_room_hallway,
          hangedman_vaults_stitches, vaults_room_fancy_cross, serial_shops,
          nicolae_shop_waterfront, shop, uniq_frederick, uniq_jory
Vaults:5: uniq_sojobo
Depths:1: hellmouth_1, minmay_misc_feat_enclosed, roderic_nine_men_s_morris,
          spider_trap, minmay_crystal_water,
          minmay_guarded_unrand_flaming_death, uniq_jorgrun
Depths:2: hangedman_crystal_crosses_colossus, abyss_entry, hell_entry, pan_entry
Depths:3: kennysheep_ambush_hall, rand_demon_pan_entry_1, grunt_decor_arrowhead,
          hell_entry, st_stairs_6, kennysheep_doodads,
          infiniplex_staircase_pillars_1, serial_bayou_shore_b
Depths:4: abrahamwl_protected_by_tso_3, abyss_entry, rand_demon_pan_entry_7,
          enter_trove_0, hell_entry, minivault_16, basic_stair_grate_trap,
          minmay_staircase_bubble, uniq_boris
Depths:5: evilmike_zot_entry_diamond, grunt_mini_vestibule,
          minmay_misc_feat_room, abyss_entry, nicolae_good_shop, uniq_boris
Zot:1:    st_single_dragon_hoard_3
Abyss:2:  minivault_11
IceCv:    ice_cave_small_necro
Volcano:  volcano_pools

Action                   |  1- 3 |  4- 6 |  7- 9 | 10-12 | 13-15 | 16-18 | 19-21 | 22-24 | 25-27 || total
-------------------------+-------+-------+-------+-------+-------+-------+-------+-------+-------++-------
Melee: Hand axe          |    81 |    83 |   347 |    13 |       |       |       |       |       ||   524
       Battleaxe         |       |       |       |   492 |    65 |       |       |    10 |       ||   567
       War axe           |       |       |       |     3 |   124 |   142 |       |       |     7 ||   276
       Executioner's axe |       |       |       |       |   752 |  1050 |   896 |  1369 |   927 ||  4994
       Mace              |       |       |       |       |       |       |    12 |    23 |       ||    35
Throw: Javelin           |       |       |       |       |     6 |     2 |       |       |       ||     8
Invok: Berserk           |     1 |     1 |    14 |    18 |    23 |    22 |    20 |     9 |    10 ||   118
       Trog's Hand       |       |     1 |       |     4 |     9 |    18 |    28 |    13 |    19 ||    92
       Burn Spellbooks   |       |       |       |     3 |     2 |     1 |     4 |    10 |     1 ||    21
       Brothers in Arms  |       |       |       |       |       |       |     4 |     6 |     8 ||    18
 Abil: Evoke Flight      |       |       |       |       |       |     1 |       |     2 |       ||     3
Evoke: Wand              |       |       |       |     3 |     1 |       |     4 |     2 |    14 ||    24
       Phial of floods   |       |       |       |     1 |       |       |       |       |       ||     1
       Box of beasts     |       |       |       |       |       |       |       |     3 |     1 ||     4
       Disc of storms    |       |       |       |       |       |       |       |     2 |     1 ||     3
       Fan of gales      |       |       |       |       |       |       |       |     1 |     1 ||     2
  Use: Scroll            |       |     1 |    12 |     6 |    13 |     4 |    15 |    12 |     7 ||    70
       Potion            |       |       |     3 |    10 |     6 |     4 |     6 |     7 |     8 ||    44
 Stab: Sleeping          |     2 |       |       |       |       |       |       |       |       ||     2
       Invisible         |       |       |       |       |     2 |       |       |     6 |    30 ||    38
       Distracted        |       |       |       |       |       |       |     1 |     2 |     2 ||     5
       Confused          |       |       |       |       |       |       |       |     1 |       ||     1
  Eat: Meat ration       |     1 |       |     3 |     2 |       |     1 |     3 |       |       ||    10
       Beef jerky        |       |     1 |       |       |       |       |     2 |       |       ||     3
       Chunk             |       |       |     8 |    37 |    64 |    50 |    62 |    64 |    42 ||   327
       Fruit             |       |       |     2 |       |       |     8 |       |       |     3 ||    13
       Royal jelly       |       |       |       |     1 |       |     1 |       |       |       ||     2
       Pizza             |       |       |       |       |     1 |     1 |     1 |       |       ||     3
       Bread ration      |       |       |       |       |       |       |       |       |     6 ||     6
